 Dungeon Crawl Stone Soup version 0.25.0-26-g0c896c7088 (webtiles) character file.

Game seed: 7302387266389966107

30 Ethylacetat the Changer (level 3, 0/31 HPs)
             Began as a Naga Transmuter on July 4, 2020.
             Slain by an adder (5 damage)
             ... on level 2 of the Dungeon.
             The game lasted 00:03:28 (1618 turns).

Ethylacetat the Changer (Naga Transmuter)           Turns: 1618, Time: 00:03:29

Health: 0/31       AC:  2    Str: 12    XL:     3   Next: 20%
Magic:  6/6        EV: 10    Int: 14    God:
Gold:   65         SH:  0    Dex: 11    Spells: 6/7 levels left

rFire    . . .     SeeInvis +     - Unarmed
rCold    . . .     Gourm    .   (no shield)
rNeg     . . .     Faith    .   b - +0 robe
rPois    +         Spirit   .   (no helmet)
rElec    .         Reflect  .   (no cloak)
rCorr    .         Harm     .   (no gloves)
MR       .....                  (no barding)
Stlth    ..........             (no amulet)
HPRegen  0.10/turn              c - ring of attention (curse)
MPRegen  0.10/turn              (no ring)

@: short of breath, very slow
A: large, see invisible, deformed body, poison resistance, slowness 2, slow
metabolism 1, spit poison 1, AC +1
a: Spit Poison


You were on level 2 of the Dungeon.
You were hungry.

You visited 1 branch of the dungeon, and saw 2 of its levels.

You collected 65 gold pieces.

Inventory:

Missiles
 a - 12 arrows
Armour
 b - a +0 robe (worn)
Jewellery
 c - a cursed ring of attention (left hand)
Scrolls
 e - a scroll of fear {unknown}
 j - a scroll of identify {unknown}
Potions
 g - a potion of flight {unknown}
 h - a potion of haste {unknown}
 i - a potion of heal wounds {unknown}
 k - a potion of degeneration {unknown}
Comestibles
 d - 3 rations
 f - a chunk of flesh


   Skills:
 - Level 1.0 Fighting
 - Level 1.5 Dodging
 - Level 3.0 Unarmed Combat
 + Level 2.5 Spellcasting
 * Level 3.1 Transmutations


You had 6 spell levels left.
You knew the following spells:

 Your Spells              Type           Power        Failure   Level  Hunger
a - Beastly Appendage     Tmut           ##....       6%          1    #......

Your spell library contained the following spells:

 Spells                   Type           Power        Failure   Level  Hunger
 Sticks to Snakes         Tmut           ##......     10%         2    ###....
 Spider Form              Tmut/Pois      #.........   34%         3    ###....
 Ice Form                 Ice/Tmut       #.......     75%         4    #####..
 Blade Hands              Tmut           ##........   86%         5    ######.


Dungeon Overview and Level Annotations

Branches:
Dungeon (2/15)

Altars:


Innate Abilities, Weirdness & Mutations

You cannot wear boots.
Your serpentine skin is tough. (AC +1)
You have supernaturally acute eyesight. (SInv)
Armour fits poorly on your strangely shaped body.
Your system is resistant to poisons. (rPois)
You cover ground very slowly.
You have a slow metabolism.
You can spit poison.


Message History

a chunk of flesh; an adder skeleton
Okay, then.
You can't do that yet.
Unknown command.
You barely miss the adder. The adder bites you.
* * * LOW HITPOINT WARNING * * *
You miss the adder. The adder bites you.
* * * LOW HITPOINT WARNING * * *
The adder bites you.
* * * LOW HITPOINT WARNING * * *
You hit the adder but do no damage.
You have got your breath back.
The adder closely misses you.
Press: ? - help, Shift-Dir - straight line, f - adder
Aim: an adder The splash of poison hits the adder.
The adder is moderately wounded.
You are feeling hungry.
The adder bites you.
You die...

#. #.# ... #.# ..# #.#
..# #.# ..# #.#### ..#
#....# ..# +....# #+#..#
######....#####.@..###
.................S.....#
..#############.##.....#
..#....##..<....# .....#
..#.##.##.#.###.# ....#
..#.##.##.#.....# ....#
###.##....####### ...#
'..........# ...#
###......).#


You could see an adder.

Vanquished Creatures
  An adder (D:2)
  An ooze (D:1)
  A dart slug (D:1)
  3 bats (D:1)
  A giant cockroach (D:2)
  2 goblins (D:1)
  2 hobgoblins
  2 frilled lizards (D:1)
  A kobold (D:2)
  A rat (D:1)
15 creatures vanquished.

Notes
Turn   | Place    | Note
-------+----------+-------------------------------------------
     0 | D:1      | Ethylacetat the Naga Transmuter began the quest for the
                  | Orb.
     0 | D:1      | Reached XP level 1. HP: 18/18 MP: 3/3
   120 | D:1      | Reached XP level 2. HP: 11/25 MP: 5/5
  1611 | D:2      | Reached XP level 3. HP: 12/31 MP: 6/6
  1618 | D:2      | Slain by an adder

Illustrated notes

Levels and vault maps discovered:
D:1:      dpeg_arrival_round_a, layout_loops_ring, serial_forest,
          infiniplex_forest_clump_small, infiniplex_forest_fountain,
          infiniplex_forest_lined_3, infiniplex_forest_end_3,
          infiniplex_forest_end_2, infiniplex_forest_end_1,
          infiniplex_forest_fountain, infiniplex_forest_fountain,
          infiniplex_forest_lined_ring, infiniplex_forest_clump_double
D:2:      layout_basic

Skill      XL: |  1  2 |
---------------+-------+-----
Transmutations | 3 |  3.1
Fighting       | |  1.0
Dodging        | |  1.5
Unarmed Combat | |  3.0
Spellcasting   | |  2.5

Action                   || total
-------------------------++-------
Melee: Unarmed           ||    70
 Cast: Beastly Appendage ||     2
 Abil: Spit Poison       ||     4
  Eat: Chunk             ||     1
Armor: Robe              ||    14
Dodge: Dodged            ||    47
